 Dungeon Crawl Stone Soup version 0.25-a0-94-g9e23508adf (webtiles) character file.

Game seed: 15097314656784982114, levelgen mode: deterministic

18337 Cinder the Severer (level 12, -7/106 HPs)
             Began as a Minotaur Berserker on Nov 11, 2019.
             Was a High Priest of Trog.
             Shot with an arrow by a centaur warrior (9 damage)
             ... on level 13 of the Dungeon.
             The game lasted 00:37:52 (16853 turns).

Cinder the Severer (Minotaur Berserker)            Turns: 16853, Time: 00:37:52

Health: -7/106     AC: 15    Str: 24    XL:     12   Next: 26%
Magic:  14/14      EV:  7    Int:  6    God:    Trog [*****.]
Gold:   501        SH: 11    Dex: 11    Spells: 11/11 levels left

rFire    . . .     SeeInvis .   O - +6 broad axe
rCold    . . .     Gourm    .   K - +0 shield
rNeg     . . .     Faith    +   o - +0 plate armour
rPois    .         Spirit   .   (helmet restricted)
rElec    .         Reflect  .   (no cloak)
rCorr    +         Harm     .   (no gloves)
MR       .....                  I - +0 pair of boots (curse)
Stlth    ..........             q - amulet of faith
HPRegen  0.27/turn              v - ring of resist corrosion
MPRegen  0.14/turn              L - ring of attention (curse)

@: no status effects
A: retaliatory headbutt, horns 2
a: Berserk, Trog's Hand, Brothers in Arms, Renounce Religion


You were on level 13 of the Dungeon.
You worshipped Trog.
Trog was extremely pleased with you.
You were not hungry.

You visited 1 branch of the dungeon, and saw 13 of its levels.

You collected 556 gold pieces.
You spent 55 gold pieces at shops.

Inventory:

Hand Weapons
 b - a +1 hunting sling of freezing
 m - a +0 war axe of electrocution
 J - a +2 vampiric battleaxe
 O - a +6 broad axe (weapon)
Missiles
 g - 460 stones
 h - 70 sling bullets
 s - 53 poisoned darts (quivered)
 D - a throwing net
Armour
 o - a +0 plate armour (worn)
 I - a cursed +0 pair of boots (worn)
 K - a +0 shield (worn)
 Q - a +1 scale mail of cold resistance
Jewellery
 a - a +6 amulet of reflection
 d - an uncursed ring of positive energy {unknown}
 q - an amulet of faith (around neck)
 v - a ring of resist corrosion (left hand)
 L - a cursed ring of attention (right hand)
Wands
 r - a wand of digging (12)
 z - a wand of acid (8)
 B - a wand of disintegration (26)
 C - a wand of paralysis (3)
 H - a wand of flame (41)
 M - a wand of iceblast (14)
 N - a wand of random effects (16)
Scrolls
 e - 3 scrolls of fear
 f - 4 scrolls of amnesia {unknown}
 i - 8 scrolls of remove curse
 j - 2 scrolls of immolation {unknown}
 k - a scroll of holy word {unknown}
 n - 2 scrolls of magic mapping
 t - 3 scrolls of teleportation
 y - a scroll of random uselessness {unknown}
 F - 2 scrolls of blinking {unknown}
 P - a scroll of noise {unknown}
Potions
 l - 5 potions of curing
 p - a potion of brilliance
 u - 2 potions of invisibility
 w - 2 potions of might
 x - a potion of flight
 A - 2 potions of mutation
 E - 2 potions of lignification
 G - a potion of resistance {unknown}
 R - a potion of agility {unknown}
 S - a potion of cancellation {unknown}
Comestibles
 c - 28 rations
 T - 3 chunks of flesh


   Skills:
 - Level 10.0 Fighting
 * Level 16.4 Axes
 - Level 10.0 Armour
 - Level 2.1 Dodging
 + Level 8.6 Shields
 - Level 5.1 Evocations


You had 11 spell levels left.
You didn't know any spells.
Your spell library was empty.

Dungeon Overview and Level Annotations

Branches:
Dungeon (13/15)            Temple (0/1) D:6            Lair (0/6) D:11
    Orc (0/2) D:11         Vaults (0/5) D:13

Altars:
Elyvilon
Fedhas
Gozag
Kikubaaqudgha
Makhleb
Ru
Trog
Vehumet
Xom
Beogh

Shops:
D:6 [?=


Innate Abilities, Weirdness & Mutations

You reflexively headbutt those who attack you in melee.
You have a pair of horns on your head.


Message History

The centaur warrior shoots an arrow.
The arrow hits you but does no damage.
You see here an arrow.
The centaur warrior shoots an arrow.
You block the arrow.
You see here an arrow.
The human shouts!
You hit the human but do no damage.
The centaur warrior shoots an arrow.
You block the arrow. You block the human's attack.
The centaur warrior shoots an arrow.
The arrow hits you.
* * * LOW HITPOINT WARNING * * *
An efreet comes into view.
It is wielding a +1 scimitar of flaming.
You see here an arrow.
The centaur warrior shoots an arrow.
The arrow completely misses you.
You see here an arrow.
The electric eel shoots out a bolt of lightning at you!
The bolt of electricity hits you!
* * * LOW HITPOINT WARNING * * *
The centaur warrior shoots an arrow.
You block the arrow.
You see here an arrow.
The centaur warrior shoots an arrow.
The arrow hits you!
You die...

...##..*,* #.# *....,,********,
...##,,*,*##'#####......,,,,,,,,,
...#*,,*,*#.co.........##≈≈≈≈*,*,
...#*,,*,*#.(.........##≈≈≈≈≈≈,*,
....,,,*,*#.(.........#≈≈≈≈≈≈≈,*,
#...,,,,,*#.(.........≈≈≈≈≈≈≈≈,≈,
....,.,,,*#(..........;≈≈≈≈≈≈≈,≈,
...y,....##(..........≈≈≈≈≈≈≈≈,≈,
,,,,.....°○R.(p(@..........,,,,,,
**,,....°##......†.........,,,,,,
,,,,....☼*#########..###≈≈≈≈≈≈**,
,,,,...,,,* #(.# **≈≈≈≈#**,
,*,#..,,,,* ###..#####≈≈###*,
,*,#....,,* #....÷.........,,
,,.##....########....#######.##**
,,..............'<...# *,*
,,......###≈≈≈###...## *****,****


You could see a centaur warrior, an efreet, a human, an orc warrior and an
electric eel.

Vanquished Creatures
  A hydra (D:12)
  2 two-headed ogres
  Urug (D:12)
  4 skeletal warriors (D:12)
  3 unseen horrors
  A manticore (D:12)
  2 centaur zombies
  A gargoyle (D:11)
  A komodo dragon (D:13)
  4 trolls
  Grinder (D:3)
  A meliai zombie (D:12)
  4 hippogriffs
  A wraith (D:11)
  A yak (D:10)
  A wyvern (D:11)
  A water elemental (D:13)
  2 humans
  3 hogs (D:10)
  A steam dragon (D:11)
  4 hungry ghosts
  Duvessa (D:7)
  3 ice beasts
  5 sky beasts
  2 phantoms
  5 orc warriors
  A necrophage (D:6)
  6 ogres
  A black bear (D:9)
  9 centaurs
  A big kobold (D:8)
  8 bullfrogs
  Dowan (D:7)
  4 scorpions
  16 killer bees
  8 wights
  3 howler monkeys
  11 crimson imps
  A bullfrog zombie (D:7)
  4 hounds
  A jelly (D:6)
  6 orc priests
  A gnoll shaman (D:10)
  2 iguanas
  Ijyb (D:3)
  10 orc wizards
  12 worker ants
  A killer bee zombie (D:10)
  A worker ant zombie (D:8)
  A howler monkey zombie (D:7)
  Robin (D:3)
  12 gnolls
  18 adders
  4 shadow imps
  An ooze (D:5)
  An adder skeleton (D:4)
  An adder zombie (D:9)
  3 worms
  3 dart slugs
  7 leopard geckos
  51 orcs
  3 giant cockroaches
  14 goblins
  11 hobgoblins
  3 jackals (D:4)
  5 quokkas
  A bat (D:2)
  3 frilled lizards
  11 kobolds
  11 rats
330 creatures vanquished.

Notes
Turn   | Place    | Note
-------+----------+-------------------------------------------
     0 | D:1      | Cinder the Minotaur Berserker began the quest for the Orb.
     0 | D:1      | Reached XP level 1. HP: 19/19 MP: 0/0
   177 | D:1      | Reached skill level 4 in Axes
   301 | D:1      | Reached XP level 2. HP: 27/27 MP: 1/1
  1305 | D:2      | Reached XP level 3. HP: 33/33 MP: 2/2
  1443 | D:2      | Reached skill level 5 in Axes
  1679 | D:2      | Reached ** piety under Trog
  2030 | D:3      | Noticed Robin
  2213 | D:2      | Reached XP level 4. HP: 32/41 MP: 3/3
  2464 | D:3      | Killed Robin
  2513 | D:3      | Reached skill level 6 in Axes
  2636 | D:3      | Reached XP level 5. HP: 47/47 MP: 4/4
  2647 | D:3      | Reached skill level 5 in Fighting
  2647 | D:3      | Noticed Ijyb
  2660 | D:3      | Killed Ijyb
  2770 | D:3      | Noticed a sky beast
  2813 | D:3      | Killed a sky beast
  2813 | D:3      | Reached skill level 7 in Axes
  2813 | D:3      | Reached XP level 6. HP: 50/56 MP: 5/5
  2940 | D:3      | Noticed Grinder
  3148 | D:3      | Paralysed by Grinder for 4 turns
  3157 | D:3      | Paralysed by Grinder for 5 turns
  3162 | D:3      | Killed Grinder
  3162 | D:3      | Reached skill level 8 in Axes
  3416 | D:4      | Reached XP level 7. HP: 64/64 MP: 6/6
  4066 | D:5      | Entered Level 5 of the Dungeon
  4129 | D:5      | Found a white marble altar of Elyvilon.
  4188 | D:5      | Found an ancient bone altar of Kikubaaqudgha.
  4276 | D:5      | Found a sacrificial altar of Ru.
  4415 | D:5      | Found a bloodstained altar of Trog.
  4418 | D:5      | Found a radiant altar of Vehumet.
  4418 | D:5      | Found a shimmering altar of Xom.
  4540 | D:5      | Reached *** piety under Trog
  4890 | D:6      | Reached skill level 9 in Axes
  5069 | D:6      | Found an opulent altar of Gozag.
  5112 | D:6      | Found a staircase to the Ecumenical Temple.
  5380 | D:6      | Reached XP level 8. HP: 73/73 MP: 7/7
  5411 | D:6      | Found Duruteh's Armour Shoppe.
  5509 | D:6      | Paralysed by a gnoll for 7 turns
  5742 | D:6      | Found Wefesij's Magic Scroll Shop.
  5751 | D:6      | Bought a scroll of teleportation for 33 gold pieces
  5751 | D:6      | Bought a scroll of identify for 22 gold pieces
  5751 | D:6      | Found Luitieng's Jewellery Emporium.
  6035 | D:6      | Reached skill level 10 in Axes
  6594 | D:7      | Reached **** piety under Trog
  6656 | D:7      | Reached skill level 5 in Armour
  6666 | D:7      | Reached skill level 1 in Evocations
  7106 | D:7      | Noticed Dowan
  7135 | D:7      | Killed Dowan
  7157 | D:7      | Reached skill level 11 in Axes
  7157 | D:7      | Reached XP level 9. HP: 81/82 MP: 9/9
  7262 | D:7      | Found a burning altar of Makhleb.
  7262 | D:7      | Noticed a cacodemon
  7265 | D:7      | Noticed a smoke demon
  7265 | D:7      | Noticed an orange demon
  7985 | D:7      | Noticed Duvessa
  7997 | D:7      | Killed Duvessa
  8562 | D:8      | Reached skill level 12 in Axes
  9466 | D:9      | Reached ***** piety under Trog
  9509 | D:9      | Reached XP level 10. HP: 90/91 MP: 11/11
  9516 | D:9      | Found a blossoming altar of Fedhas.
  9561 | D:9      | Reached skill level 1 in Shields
  9835 | D:9      | Received a gift from Trog
 10597 | D:9      | Found a roughly hewn altar of Beogh.
 10780 | D:10     | Entered Level 10 of the Dungeon
 11062 | D:10     | Reached skill level 13 in Axes
 11378 | D:10     | Reached skill level 10 in Fighting
 11909 | D:10     | Received a gift from Trog
 12000 | D:11     | Noticed a gargoyle
 12017 | D:11     | Killed a gargoyle
 12208 | D:11     | Killed an unseen horror
 12208 | D:11     | Reached skill level 5 in Evocations
 12208 | D:11     | Reached XP level 11. HP: 68/99 MP: 13/13
 12454 | D:11     | Found a staircase to the Lair.
 12470 | D:11     | Noticed a two-headed ogre
 12479 | D:11     | Killed a two-headed ogre
 12479 | D:11     | Reached skill level 14 in Axes
 12479 | D:11     | Reached skill level 5 in Shields
 12551 | D:11     | Found a staircase to the Orcish Mines.
 12592 | D:11     | Killed an unseen horror
 13865 | D:12     | Noticed Urug
 13875 | D:12     | Killed Urug
 13875 | D:12     | Reached skill level 15 in Axes
 14061 | D:12     | Noticed a two-headed ogre
 14069 | D:12     | Killed a two-headed ogre
 14234 | D:12     | Received a gift from Trog
 14260 | D:12     | Noticed a skeletal warrior
 14260 | D:12     | Noticed a skeletal warrior
 14260 | D:12     | Noticed a skeletal warrior
 14723 | D:12     | Reached skill level 10 in Armour
 14995 | D:12     | Noticed a five-headed hydra
 14998 | D:12     | Killed a five-headed hydra
 15217 | D:12     | Noticed a skeletal warrior
 15221 | D:12     | Killed an unseen horror
 15287 | D:12     | Killed a skeletal warrior
 15287 | D:12     | Reached XP level 12. HP: 57/106 MP: 14/14
 16284 | D:12     | Reached skill level 16 in Axes
 16629 | D:13     | Found a gate to the Vaults.
 16629 | D:13     | Noticed a centaur warrior
 16629 | D:13     | Noticed a two-headed ogre
 16629 | D:13     | Noticed a centaur warrior
 16852 | D:13     | HP: 2/106 [electric eel/bolt of electricity (12)]
 16853 | D:13     | Shot with an arrow by a centaur warrior

Levels and vault maps discovered:
D:1:      psy_arrival_basics, layout_loops_ring
D:2:      layout_basic, first_ration
D:3:      layout_basic, uniq_robin, uniq_ijyb, uniq_grinder
D:4:      layout_basic
D:5:      layout_basic, grunt_temple_overflow_open, elyvilon_altar_5,
          nicolae_ru_path_of_blood, kiku_gazebo_pond_becter
D:6:      layout_basic, minmay_temple_entry_overgrown, serial_shops,
          nicolae_shop_trees, shop, shop, nicolae_gozag_seed_capital
D:7:      layout_basic, makhleb_altar_promises_db, uniq_duvessa
D:8:      layout_basic
D:9:      layout_basic, basic_altar, special_room [special_room_orc]
D:10:     layout_roguey, serial_aquarium, aquarium_bridge_straight
          [aquarium_subvault_bridge, aquarium_subvault_wall,
          aquarium_subvault_bridge, aquarium_subvault_wall],
          aquarium_window_double, aquarium_window_1, aquarium_window_1,
          aquarium_view_2e, grunt_livestock
D:11:     layout_rooms, lair_entry_dummy, kennysheep_generic_room_9
D:12:     layout_grid_maze, uniq_urug
D:13:     layout_basic, david_vaults_3, serial_shops, kennysheep_mini_moat,
          enter_bailey_2

Skill      XL: |  1  2  3  4  5  6  7  8  9 10 11 12 |
---------------+-------------------------------------+-----
Axes           | 4 5 6 7 8 9 11 12 13 15 16 | 16.4
Fighting       | 4 5 6 7 8 9 10 | 10.0
Armour         | 3 5 7 8 10 | 10.0
Evocations     | 1 3 5 |  5.1
Shields        | 4 7 8 |  8.6
Dodging        | |  2.1

Action                   |  1- 3 |  4- 6 |  7- 9 | 10-12 || total
-------------------------+-------+-------+-------+-------++-------
Melee: Hand axe          |    93 |    69 |   505 |    47 ||   714
       Headbutt          |    16 |    14 |    93 |    96 ||   219
       War axe           |       |       |       |   303 ||   303
       Broad axe         |       |       |       |   136 ||   136
 Fire: Hunting sling     |       |    11 |       |       ||    11
Throw: Dart              |       |     7 |       |       ||     7
Invok: Brothers in Arms  |       |       |       |     1 ||     1
Evoke: Wand              |       |       |    10 |     9 ||    19
  Use: Scroll            |     2 |       |     3 |     7 ||    12
 Stab: Paralysed         |       |       |    19 |     8 ||    27
  Eat: Chunk             |     4 |     2 |    18 |    23 ||    47
       Ration            |       |       |     3 |     1 ||     4
Armor: Animal skin       |     4 |       |       |       ||     4
       Chain mail        |     3 |       |       |       ||     3
       Plate armour      |    28 |    55 |   278 |   228 ||   589
Dodge: Dodged            |    47 |    29 |   143 |    76 ||   295
Block: Shield            |       |       |    11 |   204 ||   215

Table legend:
 A = Non-vault XP
 B = Vault XP
 C = Vault XP percentage of total XP
 D = Non-vault monster count
 E = Vault monster count
 F = Vault count percentage of total count
                 A         B        C        D         E       F
            +---------+---------+-------+---------+---------+-------
      Total |   23200 |    2996 |  11.4 |     280 |      50 |  15.2
            +---------+---------+-------+---------+---------+-------
        D:1 |      31 |       0 |   0.0 |      19 |       0 |   0.0
        D:2 |      51 |      14 |  21.5 |      16 |       7 |  30.4
        D:3 |     244 |     351 |  59.0 |      15 |       8 |  34.8
        D:4 |     151 |       0 |   0.0 |       7 |       0 |   0.0
        D:5 |     180 |       0 |   0.0 |       9 |       0 |   0.0
        D:6 |    1378 |       0 |   0.0 |      32 |       0 |   0.0
        D:7 |    1460 |     204 |  12.3 |      30 |       2 |   6.2
        D:8 |    1097 |       0 |   0.0 |      23 |       0 |   0.0
        D:9 |    1699 |     362 |  17.6 |      28 |      25 |  47.2
       D:10 |    1421 |     986 |  41.0 |      23 |       5 |  17.9
       D:11 |    5591 |      36 |   0.6 |      32 |       1 |   3.0
       D:12 |    9226 |     847 |   8.4 |      42 |       1 |   2.3
       D:13 |     671 |     196 |  22.6 |       4 |       1 |  20.0
            +---------+---------+-------+---------+---------+-------
